 Dungeon Crawl Stone Soup version 0.26-a0-667-g92642533e4 (webtiles) character file.

Game seed: 14184456422618147998

35 Kinoniko the Poker (level 3, 0/29 HPs)
             Began as a Demonspawn Chaos Knight on Oct 16, 2020.
             Was a Plaything of Xom.
             Succumbed to an adder's poison
             ... on level 2 of the Dungeon.
             The game lasted 00:01:41 (773 turns).

Kinoniko the Poker (Demonspawn Chaos Knight)         Turns: 773, Time: 00:01:42

Health: 0/29       AC:  5    Str: 10 (13) XL:     3   Next: 17%
Magic:  3/3        EV: 11    Int: 10 (13) God:    Xom [..*...]
Gold:   39         SH:  0    Dex:  9 (12) Spells: 2/2 levels left

rFire    . . .     SeeInvis .   a - +0 spear (chaos)
rCold    . . .     Faith    .   (no shield)
rNeg     . . .     Spirit   .   b - +2 leather armour
rPois    .         Reflect  .   (no helmet)
rElec    .         Harm     .   (no cloak)
rCorr    .         Rampage  .   (no gloves)
MR       .....                  (no boots)
Stlth    +.........             (no amulet)
HPRegen  0.09/turn              (no ring)
MPRegen  0.08/turn              (no ring)

@: lethally poisoned (0 -> -1), berserk cooldown, very slightly contaminated,
slowed, invisible, very slow
A: rot immunity
a: Renounce Religion


You were on level 2 of the Dungeon.
You worshipped Xom.
You were a toy of Xom.
You visited 1 branch of the dungeon, and saw 2 of its levels.

You collected 39 gold pieces.

Inventory:

Hand Weapons
 a - a +0 spear of chaos (weapon)
Armour
 b - a +2 leather armour (worn)
Scrolls
 c - a scroll of identify
 i - a scroll of fog {unknown}
 j - a scroll of teleportation {unknown}
Potions
 d - a potion of might
 e - a potion of lignification
 f - a potion of invisibility


   Skills:
 + Level 3.2 Fighting
 + Level 3.4 Polearms
 + Level 2.1 Armour
 + Level 1.1 Dodging
 + Level 0.2 Stealth


You had 2 spell levels left.
You didn't know any spells.
Your spell library was empty.

Dungeon Overview and Level Annotations

Branches:
Dungeon (2/15)

Altars:


Innate Abilities, Weirdness & Mutations

You are immune to rotting.


Message History

You start resting.
You feel your anger nearly subside.
You are no longer berserk.
You are exhausted.
You feel yourself slow down.
There is a lethal amount of poison in your body!
There is a lethal amount of poison in your body!
It was a potion of degeneration.
There was something very wrong with that liquid.
You feel weakened.
You feel dopey.
You feel clumsy.
* * * LOW HITPOINT WARNING * * *
You feel sick.
Really quaff the potion of lignification?
You are stuck in your current form!
Your transformation is almost over.
* * * LOW HITPOINT WARNING * * *
You feel sick.
You feel less wooden.
Your +2 leather armour unmelds from your body.
You die...
Xom howls with laughter!

......)........>...
................... ...
.................. ..
#####...........## ..
####.###.#......## .
#.............#..### .#
###..<.............##.###.#
##.###.......##(.........
#.# #.##....@†.>........
#.# #.######†)###.......
#.# ### ##..$#......≈ #.#
###.#....≈.≈ #.# .#.....≈≈
#.# #......≈ #.# ....≈≈≈
......≈


There were no monsters in sight!

Vanquished Creatures
  An adder (D:2)
  4 goblins (D:1)
  3 hobgoblins
  3 jackals (D:1)
  A ball python (D:1)
  4 bats (D:1)
  A frilled lizard (D:1)
  3 kobolds
  5 rats
25 creatures vanquished.

Notes
Turn   | Place    | Note
-------+----------+-------------------------------------------
     0 | D:1      | Kinoniko the Demonspawn Chaos Knight began the quest for
                  | the Orb.
     0 | D:1      | Reached XP level 1. HP: 18/18 MP: 1/1
    71 | D:1      | XOM: potion effect (curing)
   213 | D:1      | XOM: silly message
   226 | D:1      | Gained mutation: You are immune to rotting. [demonic
                  | ancestry]
   226 | D:1      | Reached XP level 2. HP: 24/24 MP: 2/2
   226 | D:1      | XOM: silly message
   579 | D:1      | Reached skill level 1 in Dodging
   748 | D:2      | XOM: silly message
   758 | D:2      | Reached XP level 3. HP: 4/29 MP: 3/3
   762 | D:2      | HP: 3/64 [poisoned by an adder]
   767 | D:2      | HP: 1/43 [poisoned by an adder]
   773 | D:2      | Succumbed to an adder's poison

Illustrated notes

Levels and vault maps discovered:
D:1:      lightli_molten_gateway, layout_basic, minmay_curled_crystal
D:2:      layout_rooms, chequers_ecumenical_altar_island, uniq_sigmund,
          uniq_robin

Skill      XL: |  1  2 |
---------------+-------+-----
Polearms       | 3 |  3.4
Armour         | 2 |  2.1
Dodging        | 1 |  1.1
Fighting       | |  3.2
Stealth        | |  0.2

Action                   || total
-------------------------++-------
Melee: Spear             ||   104
  Use: Potion            ||     4
       Scroll            ||     1
 Stab: Paralysed         ||     2
       Sleeping          ||     1
       Invisible         ||     1
Armor: Leather armour    ||    38
       Skin              ||     7
Dodge: Dodged            ||    66

Table legend: (Time is in decaauts)
 A = Elapsed time spent in this place.
 B = Non-inter-level travel time spent in this place.
 C = Inter-level travel time spent in this place.
 D = Time resting spent in this place.
 E = Time spent auto-exploring this place.
 F = Levels seen in this place.
 G = Mean time per level.
                   A        B        C        D        E       F      G
               +--------+--------+--------+--------+--------+-----+--------+
         Total |    766 |    750 |     16 |    106 |    470 |   2 |  383.0 |
       Dungeon |    766 |    750 |     16 |    106 |    470 |   2 |  383.0 |
               +--------+--------+--------+--------+--------+-----+--------+

Top non-repeatable levels by time:
     D:1: 706 daAuts
     D:2: 60 daAuts
